 Dungeon Crawl Stone Soup version 0.18.1-48-g4cf74bf (webtiles) character file.

50 Heedrag the Chopper (level 3, 0/31 HPs)
             Began as a Minotaur Fighter on Aug 19, 2016.
             Slain by Natasha (7 damage)
             ... on level 2 of the Dungeon.
             The game lasted 00:02:37 (961 turns).

Heedrag the Chopper (Minotaur Fighter)               Turns: 961, Time: 00:02:37

Health: 0/31       AC:  6    Str: 21    XL:     3   Next: 55%
Magic:  2/2        EV:  7    Int:  9    God:
Gold:   21         SH:  9    Dex:  9    Spells: 0 memorised, 2 levels left

rFire  . . .     SeeInvis .     a - +0 war axe
rCold  . . .     Gourm    .     b - +0 scale mail
rNeg   . . .     Faith    .     c - +0 shield
rPois  .         Spirit   .     (helmet restricted)
rElec  .         Dismiss  +     (no cloak)
rCorr  .         Reflect  .     (no gloves)
SustAt .         Harm     .     (no boots)
MR     .....                    e - amulet of dismissal
Stlth  ..........               (no ring)
                                j - +4 ring of intelligence

@: slowed, very slow, not resistant to hostile enchantments, extremely
unstealthy
A: retaliatory headbutt, horns 2
a: no special abilities


You were on level 2 of the Dungeon.
You were not hungry.

You visited 1 branch of the dungeon, and saw 2 of its levels.

You collected 21 gold pieces.

Inventory:

Hand Weapons
 a - a +0 war axe (weapon)
Armour
 b - a +0 scale mail (worn)
 c - a +0 shield (worn)
Jewellery
 e - an amulet of dismissal (around neck)
 j - a +4 ring of intelligence (left hand)
Scrolls
 i - a scroll of remove curse {unknown}
 l - 2 scrolls of identify {unknown}
 m - 2 scrolls of fog {unknown}
 n - a scroll of noise {unknown}
 p - a scroll of fear {unknown}
 r - a scroll of random uselessness {unknown}
Potions
 d - 2 potions of might
 k - a potion of degeneration {unknown}
 o - a potion of ambrosia {unknown}
Books
 g - a book of Death

   Spells                             Type                      Level
   a - Corpse Rot                     Necromancy                   2
   b - Sublimation of Blood           Necromancy                   2
   c - Agony                          Necromancy                   5
   d - Dispel Undead                  Necromancy                   5
   e - Excruciating Wounds            Charms/Necromancy            5
   f - Bolt of Draining               Conjuration/Necromancy       5
Comestibles
 f - 3 bread rations
 h - 3 fruits
 q - a chunk of flesh


   Skills:
 - Level 3.6 Fighting
 * Level 4.8 Axes
 - Level 3.6 Armour
 - Level 3.6 Shields


You had 2 spell levels left.
You didn't know any spells.

Dungeon Overview and Level Annotations

Branches:
Dungeon (2/15)

Altars:

Annotations:
D:2 Natasha


Innate Abilities, Weirdness & Mutations

You reflexively headbutt those who attack you in melee.
You have a pair of horns on your head.


Message History

Ye kill tha bat!
Natasha barely misses ye.
Tha crimson imp hits ye but does nay damage.
Natasha claws ye.
Tha crimson imp shouts, "Take thy face hence, thou errant crook-pated puttock!"
Tha crimson imp hits ye.
Ye hit Natasha but do nay damage.
Natasha be lightly wounded.
Ye hit tha crimson imp.
Tha crimson imp be lightly wounded.
Natasha claws ye.
Ye block tha crimson imp's attack.
Natasha zaps a wand.
Ye feel as though ye will be slow longer.
Tha crimson imp hits ye.
* * * LOW HITPOINT WARNIN'
* * * Ye hit Natasha.
Natasha be moderately wounded.
Ye hit tha crimson imp.
Tha crimson imp be moderately wounded.
Ye miss tha crimson imp.
Natasha claws ye!
Ye die...

.# .## ....... ..##
##....... .... #........
....# #.. #........
....# #.# #........
....# #.# #........
....# #.# #.h......
>...# #.# ##@5...!..
....# #.## ##.5†......
...## #..####.?........
....####....#...≈≈≈.....
)...'..........≈≈≈≈≈....
....####....#..≈≈♣≈≈....
...## ##.#.#..≈≈≈≈≈..#.
..## ####♣...≈≈≈...♣ .##
♣♣.......♣♣


You could see Natasha and 2 crimson imps.

Vanquished Creatures
  Natasha (D:2)
  A dart slug (D:1)
  3 bats (D:2)
  A giant cockroach (D:2)
  4 goblins
  4 hobgoblins
  A giant newt (D:1)
  4 kobolds
  3 rats
22 creatures vanquished.

Notes
Turn   | Place    | Note
--------------------------------------------------------------
     0 | D:1      | Heedrag the Minotaur Fighter began the quest for the Orb.
     0 | D:1      | Reached XP level 1. HP: 19/19 MP: 0/0
    38 | D:1      | Reached skill level 3 in Axes
   145 | D:1      | Reached XP level 2. HP: 26/26 MP: 1/1
   592 | D:2      | Noticed Natasha
   605 | D:2      | Killed Natasha
   605 | D:2      | Reached skill level 4 in Axes
   605 | D:2      | Reached XP level 3. HP: 20/31 MP: 2/2
   950 | D:2      | Noticed Natasha
   961 | D:2      | Slain by Natasha

Skill      XL: |  1  2 |
---------------+-------+-----
Axes           | 3 4 |  4.8
Fighting       | |  3.6
Armour         | |  3.6
Shields        | |  3.6

Action                   || total
-------------------------++-------
Melee: War axe           ||    68
       Headbutt          ||     4
Armor: Scale mail        ||    36
Dodge: Dodged            ||    24
Block: Shield            ||    45
